Map: Lockdown LE

Players

Harstem - Winner!

  • Race: Protoss Protoss
  • League: Grandmaster
  • Spawn Location: 7:00

Cellsidus

  • Race: Zerg Zerg
  • League: Grandmaster
  • Spawn Location: 1:00

Event: HomeStory Cup XXIX

VOD

Have the link to the VOD?

Description

Time

  • Played on: July 4, 2026, 6:22 a.m.
  • Length: 3:35

All games in this series

Show
View Real Time Build Order
Export as new Build Order

Harstem Protoss - Winner!

Build Orders:  

Get SALT Encoding   

  8  0:00  Probe (Chrono Boost)  
  9  0:12  Probe (Chrono Boost)  
  10  0:18  Probe (Chrono Boost)  
  11  0:26  Probe  
  12  0:35  Pylon  
  12  0:39  Probe  
  13  0:53  Probe  
  14  0:58  Gateway  
  14  1:05  Probe  
  14  1:09  Assimilator  
  15  1:17  Probe  
  16  1:29  Probe  
  17  1:41  Probe  
  17  1:45  Cybernetics Core  
  17  1:46  Zealot  
  20  1:49  Pylon  
  20  1:55  Probe  
  21  2:08  Probe  
  22  2:19  Adept (Chrono Boost)  
  23  2:24  Gateway  
  23  2:26  Shield Battery  
  24  2:30  Pylon  
  24  2:38  Pylon  
  21  2:58  Adept (Chrono Boost)  
  17  3:07  Pylon  
Show
View Real Time Build Order
Export as new Build Order

Cellsidus Zerg 

Build Orders: Pool Only 

Get SALT Encoding   

  8  0:00  Drone  
  9  0:10  Drone  
  10  0:16  Drone  
  11  0:24  Extractor  
  11  0:25  Drone  
  11  0:46  Spawning Pool  
  10  0:51  Drone  
  11  0:57  Drone  
  12  1:06  Extractor, Drone  
  13  1:15  Overlord  
  13  1:33  Zergling x6  
  13  1:39  Metabolic Boost  
  16  1:45  Zergling x2  
  17  1:59  Zergling x2  
  18  2:14  Zergling x2  
  18  2:15  Zergling x2  
  20  2:30  Extractor  
  18  2:46  Zergling x2  
Tags
 
Add a new tag
Caveats
  • Supply blocks, unpowered buildings, or Contaminate may cause inaccurate times.
  • Supply counts are checked every 10 seconds.